 Dungeon Crawl Stone Soup version 0.23.2-1-ga50397a (webtiles) character file.

Game seed: 10158358351626939167

13566 Iscandelvey the Quickloader (level 11, -1/72 HPs)
             Began as a Demonspawn Arcane Marksman on May 9, 2019.
             Was a Priest of Kikubaaqudgha.
             Slain by a fire elemental (8 damage)
             ... led by Azrael
             ... on level 12 of the Dungeon.
             The game lasted 01:13:50 (18150 turns).

Iscandelvey the Quickloader (DsAM)                 Turns: 18150, Time: 01:13:52

Health: -1/72      AC: 17    Str: 21    XL:     11   Next: 77%
Magic:  13/24      EV: 13    Int: 18    God:    Kikubaaqudgha [***...]
Gold:   521        SH:  3    Dex: 13    Spells: 8/28 levels left

rFire    . . .     SeeInvis .   F - +0 bardiche
rCold    . . .     Gourm    .   (shield currently unavailable)
rNeg     . . .     Faith    .   R - +6 scale mail "Nuus" {+Blink Str+5 Slay+2}
rPois    .         Spirit   .   (no helmet)
rElec    .         Reflect  +   T - +0 cloak
rCorr    .         Harm     .   k - +0 pair of gloves
MR       +....                  (no boots)
Stlth    ..........             u - +3 amulet of reflection
HPRegen  0.22/turn              D - ring of protection from magic
MPRegen  0.19/turn              (no ring)

@: mighty
A: slimy green scales 1, powered by pain 2
a: Receive Corpses, Renounce Religion, Evoke Blink


You were on level 12 of the Dungeon.
You worshipped Kikubaaqudgha.
Kikubaaqudgha was most pleased with you.
You were hungry.

You visited 2 branches of the dungeon, and saw 14 of its levels.

You collected 675 gold pieces.
You spent 154 gold pieces at shops.

Inventory:

Hand Weapons
 a - a +0 hand crossbow
 q - a +2 spear of venom
 s - a +2 flail of pain
 v - a +2 shortbow of flaming
 y - a +1 vampiric spear
 C - a +0 arbalest
 F - a +0 bardiche (weapon)
 G - a +0 hunting sling
 L - a +4 scimitar of flaming
Missiles
 d - 109 bolts
 x - 9 tomahawks (quivered)
 J - 145 arrows
 N - 28 sling bullets
Armour
 k - a +0 pair of gloves (worn)
 O - a +1 ring mail of fire resistance
 R - the +6 scale mail "Nuus" (worn) {+Blink Str+5 Slay+2}
   (You took it off an orc on level 7 of the Dungeon)

   It affects your strength (+5).
   It affects your accuracy and damage with ranged weapons and melee attacks
   (+2).
   It lets you blink.
 T - a +0 cloak (worn)
Jewellery
 b - an uncursed amulet of the gourmand
 u - a +3 amulet of reflection (around neck)
 D - a ring of protection from magic (left hand)
 Y - a cursed ring of teleportation {unknown}
Wands
 e - a wand of iceblast (12)
 t - a wand of flame (83)
 A - a wand of digging (3)
 X - a wand of clouds (6)
Scrolls
 c - a scroll of random uselessness {unknown}
 h - 3 scrolls of amnesia
 i - a scroll of teleportation
 j - 4 scrolls of enchant armour
 l - 7 scrolls of remove curse
 o - 2 scrolls of enchant weapon {unknown}
 B - 3 scrolls of fear
 E - 2 scrolls of magic mapping {unknown}
 K - a scroll of vulnerability {unknown}
 Q - 4 scrolls of immolation
 V - 4 scrolls of identify
Potions
 m - 3 potions of agility
 n - 3 potions of curing {unknown}
 p - 3 potions of heal wounds
 r - 2 potions of lignification {unknown}
 z - a potion of ambrosia {unknown}
 H - 2 potions of invisibility {unknown}
 I - 2 potions of cancellation {unknown}
 M - 2 potions of flight
 P - 2 potions of mutation {unknown}
 S - a potion of haste {unknown}
 U - a potion of might {unknown}
 W - 3 potions of brilliance {unknown}
 Z - a potion of degeneration
Comestibles
 f - 34 rations


   Skills:
 - Level 2.0 Fighting
 * Level 9.7 Crossbows
 - Level 4.4 Armour
 - Level 5.6 Dodging
 - Level 0.2 Stealth
 * Level 9.3 Spellcasting
 + Level 7.9 Hexes
 * Level 7.1 Necromancy


You had 8 spell levels left.
You knew the following spells:

 Your Spells              Type           Power        Failure   Level  Hunger
a - Corona                Hex            #####..      1%          1    None
b - Slow                  Hex            #####...     1%          2    None
c - Cause Fear            Hex            #####.....   9%          4    ###....
d - Confusing Touch       Hex            #####.       1%          1    None
e - Confuse               Hex            #####...     2%          3    None
f - Vampiric Draining     Necr           ####......   3%          3    None
g - Sublimation of Blood  Necr           ####......   1%          2    None
h - Animate Dead          Necr           N/A          12%         4    ###....

Your spell library contained the following spells:

 Spells                   Type           Power        Failure   Level  Hunger
 Animate Skeleton         Necr           N/A          1%          1    None
 Pain                     Necr           ####         1%          1    None
 Inner Flame              Hex/Fire       ###.....     13%         3    None
 Portal Projectile        Hex/Tloc       ###...       13%         3    None
 Apportation              Tloc           #.....       22%         1    None
 Summon Small Mammal      Summ           #...         22%         1    None
 Agony                    Necr           ####....     32%         5    #####..
 Dispel Undead            Necr           ####....     32%         5    #####..
 Leda's Liquefaction      Hex/Erth       ###.......   41%         4    ###....
 Gell's Gravitas          Tloc           #.........   56%         3    None
 Metabolic Englaciation   Hex/Ice        ###.......   77%         5    #####..
 Yara's Violent Unravell  Hex/Tmut       ###.......   77%         5    #####..
 Borgnjor's Vile Clutch   Necr/Erth      ###.......   82%         5    #####..
 Petrify                  Tmut/Erth      #.......     92%         4    ###....
 Simulacrum               Ice/Necr       ###.......   100%        6    ######.


Dungeon Overview and Level Annotations

Branches:
Dungeon (13/15)            Temple (1/1) D:7            Lair (0/6) D:8
    Orc (0/2) D:9          Vaults (0/5) D:13

Altars:
Ashenzari
Cheibriados
Dithmenos
Elyvilon
Fedhas
Gozag
Hepliaklqana
Kikubaaqudgha
Makhleb
Nemelex Xobeh
Okawaru
Qazlal
Ru
Sif Muna
Trog
Uskayaw
Vehumet
Wu Jian
Xom
Yredelemnul
Zin
The Shining One

Shops:
D:4 }   D:8 [   D:11 ![

Annotations:
D:9 3 runed translucent doors, Errno's ghost, novice OpAs
D:11 Azrael


Innate Abilities, Weirdness & Mutations

You are partially covered in slimy green scales. (AC +2)
You sometimes gain power by taking damage.


Message History

The fire elemental burns you!
You focus on the pain.
You feel your power returning. The hell hound completely misses you.
Your goblin zombie barely misses the hell hound.
Your bullfrog zombie closely misses the fire elemental.
The fire elemental hits you. The fire elemental burns you!
* * * LOW HITPOINT WARNING * * *
Your hobgoblin zombie barely misses the hell hound.
The fire elemental completely misses you.
The hell hound bites you but does no damage.
Your goblin zombie barely misses the hell hound.
Your bullfrog zombie misses the fire elemental.
Okay, then.
Okay, then.
You fail to use your ability.
The fire elemental hits you. The fire elemental burns you!
* * * LOW HITPOINT WARNING * * *
The hell hound bites you but does no damage.
The fire elemental hits you. The fire elemental burns you!
You die...
Kikubaaqudgha rasps: "You have failed me!
Welcome... death!"

#.# #..#.....#.... #.#
#..#.....#....
#.#########..#.....#....
#.>..........####'##....
#####..........^............
.............................
...........°.................
..........ZEE................
.......>..Zh@................
..........Z.......<..........
.....................).......
..............#######...#####
.........>...# #...#
............# #...#
############ #...# #...#
#.###


You could see 2 fire elementals, a hell hound, a friendly bullfrog zombie, a
friendly goblin zombie and a friendly hobgoblin zombie.

Vanquished Creatures
  A vault guard (D:13)
  Erica (D:8)
  An unseen horror (D:11)
  An ugly thing (D:11)
  Joseph (D:8)
  A centaur zombie (D:11)
  A gargoyle (D:11)
  2 kobold demonologists (D:11)
  3 trolls (D:9)
  A hornet (D:12)
  2 hippogriffs (D:11)
  A vampire (D:10)
  A wraith (D:12)
  2 yaks (D:11)
  2 hogs (D:11)
  A fire elemental (D:11)
  4 hungry ghosts
  A human (D:11)
  4 ice beasts
  4 orc warriors
  An eye of draining (D:8)
  3 phantoms
  A black bear (D:7)
  A necrophage (D:11)
  5 sky beasts
  9 centaurs
  4 ogres
  A crocodile (D:8)
  3 big kobolds
  11 bullfrogs
  A wyvern zombie (D:11)
  5 scorpions
  A wyvern skeleton (D:10)
  18 wights
  An electric eel (D:9)
  4 howler monkeys
  6 crimson imps
  3 bullfrog zombies
  6 hounds
  4 jellies
  9 orc priests
  A gnoll shaman (D:6)
  12 orc wizards
  2 centaur skeletons
  4 bullfrog skeletons
  7 worker ants
  3 iguanas
  A hound zombie (D:5)
  12 gnolls
  10 adders
  5 shadow imps
  An ooze (D:3)
  An adder zombie (D:5)
  An adder skeleton (D:6)
  A worm (D:5)
  2 dart slugs
  4 leopard geckos
  41 orcs
  4 giant cockroaches
  9 goblins
  6 hobgoblins
  4 jackals
  19 kobolds
  6 quokkas
  A ball python (D:5)
  7 bats
  3 frilled lizards
  A jackal skeleton (D:5)
  A jackal zombie (D:5)
  A leopard gecko zombie (D:9)
  A quokka skeleton (D:5)
  4 rats
307 creatures vanquished.

Notes
Turn   | Place    | Note
-------+----------+-------------------------------------------
     0 | D:1      | Iscandelvey the Demonspawn Arcane Marksman began the quest
                  | for the Orb.
     0 | D:1      | Reached XP level 1. HP: 15/15 MP: 2/2
   149 | D:1      | Gained mutation: You sometimes gain a little power by
                  | taking damage. [demonic ancestry]
   149 | D:1      | Reached XP level 2. HP: 21/21 MP: 3/3
   208 | D:1      | Found a shimmering altar of Xom.
   882 | D:2      | Reached XP level 3. HP: 26/26 MP: 4/4
  1429 | D:2      | Reached XP level 4. HP: 19/33 MP: 5/5
  2371 | D:3      | Found an iron altar of Okawaru.
  2912 | D:4      | Gained mutation: You sometimes gain power by taking damage.
                  | [demonic ancestry]
  2912 | D:4      | Reached XP level 5. HP: 14/38 MP: 5/7
  3528 | D:4      | Reached XP level 6. HP: 33/44 MP: 7/9
  3545 | D:4      | Found Voxidono's Gadget Boutique.
  3574 | D:4      | Learned a level 2 spell: Slow
  3823 | D:5      | Entered Level 5 of the Dungeon
  3883 | D:5      | Noticed an ice beast
  3956 | D:5      | Noticed an ice beast
  4031 | D:4      | Killed an ice beast
  4539 | D:4      | Reached XP level 7. HP: 38/50 MP: 5/12
  4733 | D:5      | Reached skill level 5 in Crossbows
  5031 | D:5      | Reached XP level 8. HP: 53/56 MP: 2/14
  5159 | D:5      | HP: 2/56 [centaur/arrow (14)]
  5583 | D:5      | Reached skill level 5 in Hexes
  5855 | D:5      | Got a heavily runed ring mail
  5866 | D:5      | Identified the cursed +1 ring mail "Zievip" {Dex+2} (You
                  | found it on level 5 of the Dungeon)
  6105 | D:6      | Reached skill level 5 in Spellcasting
  6194 | D:6      | Learned a level 4 spell: Cause Fear
  6504 | D:6      | Learned a level 1 spell: Confusing Touch
  6821 | D:6      | Found a blossoming altar of Fedhas.
  7124 | D:7      | Gained mutation: You are partially covered in slimy green
                  | scales. (AC +2) [demonic ancestry]
  7124 | D:7      | Reached XP level 9. HP: 45/61 MP: 17/17
  8289 | D:7      | Found a staircase to the Ecumenical Temple.
  8311 | Temple   | Entered the Ecumenical Temple
  8370 | Temple   | Became a worshipper of Kikubaaqudgha
  8541 | D:8      | Found a staircase to the Lair.
  8602 | D:8      | Reached skill level 5 in Dodging
  8610 | D:8      | Noticed Joseph
  8624 | D:8      | Killed Joseph
  8878 | D:8      | Identified the +6 scale mail "Nuus" {+Blink Str+5 Slay+2}
  9650 | D:8      | Reached skill level 1 in Necromancy
 10168 | D:8      | Noticed Erica
 10451 | D:8      | Reached XP level 10. HP: 39/67 MP: 17/20
 10682 | D:8      | Killed Erica
 10854 | D:8      | Found Lobbymos's Armour Shop.
 11172 | D:9      | Reached * piety under Kikubaaqudgha
 11172 | D:9      | Identified Kikubaaqudgha's Papyrus of Sinister Magic
                  | (Kikubaaqudgha gifted it to you on level 9 of the Dungeon)
 11172 | D:9      | Received a gift from Kikubaaqudgha
 11634 | D:9      | Reached skill level 1 in Armour
 11870 | D:9      | Found a runed translucent gate.
 11870 | D:9      | Found a runed translucent gate.
 11870 | D:9      | Found a runed translucent gate.
 11874 | D:9      | Noticed Errno's ghost (novice OpAs)
 11919 | D:9      | Found a deep blue altar of Sif Muna.
 11943 | D:9      | Learned a level 3 spell: Confuse
 11947 | D:9      | Learned a level 3 spell: Vampiric Draining
 11950 | D:9      | Learned a level 2 spell: Sublimation of Blood
 12201 | D:10     | Entered Level 10 of the Dungeon
 12646 | D:9      | Found a staircase to the Orcish Mines.
 13100 | D:10     | Reached ** piety under Kikubaaqudgha
 13562 | D:10     | Found a deep blue altar of Sif Muna.
 13955 | D:11     | Reached skill level 5 in Necromancy
 14112 | D:11     | Reached XP level 11. HP: 65/72 MP: 23/23
 14560 | D:11     | Noticed a cyan ugly thing
 14575 | D:11     | Killed a cyan ugly thing
 15272 | D:11     | Found Qongi's Armour Emporium.
 15349 | D:11     | Reached *** piety under Kikubaaqudgha
 15349 | D:11     | Identified Kikubaaqudgha's Collected Works on Sinister
                  | Secrets (Kikubaaqudgha gifted it to you on level 11 of the
                  | Dungeon)
 15349 | D:11     | Received a gift from Kikubaaqudgha
 15351 | D:11     | Noticed an unseen horror
 15355 | D:11     | Killed an unseen horror
 15364 | D:11     | Learned a level 4 spell: Animate Dead
 15840 | D:11     | Found Ephemiog's Distillery.
 15844 | D:11     | Bought a potion of degeneration for 11 gold pieces
 15844 | D:11     | Bought 2 potions of heal wounds for 110 gold pieces
 15844 | D:11     | Bought a potion of flight for 33 gold pieces
 16909 | D:12     | Noticed Azrael
 16926 | D:11     | HP: 1/72 [hell hound/blast of flame[Azrael] (11)]
 17852 | D:13     | Found a shadowy altar of Dithmenos.
 17982 | D:13     | Noticed a vault guard
 17982 | D:13     | Noticed a vault guard
 17983 | D:13     | Found a gate to the Vaults.
 17983 | D:13     | Noticed a vault guard
 17983 | D:13     | Noticed a vault guard
 17983 | D:13     | Noticed a vault guard
 17984 | D:13     | Noticed a vault guard
 17984 | D:13     | Noticed a vault guard
 17984 | D:13     | Noticed a vault guard
 18000 | D:13     | Killed a vault guard
 18098 | D:13     | Got a shimmering rapier
 18150 | D:12     | Slain by a fire elemental

Skill      XL: |  1  2  3  4  5  6  7  8  9 10 11 |
---------------+----------------------------------+-----
Dodging        | 2 3 4 5 |  5.6
Crossbows      | 2 3 4 5 6 7 8 9 |  9.7
Fighting       | 2 |  2.0
Spellcasting   | 2 3 4 5 7 8 9 |  9.3
Hexes          | 4 5 6 7 |  7.9
Necromancy     | 2 5 7 |  7.1
Armour         | 3 4 |  4.4
Stealth        | |  0.2

Action                   |  1- 3 |  4- 6 |  7- 9 | 10-12 || total
-------------------------+-------+-------+-------+-------++-------
Melee: Spear             |       |   105 |   548 |    20 ||   673
       Scimitar          |       |       |       |   421 ||   421
       Flail             |       |       |       |    13 ||    13
       Bardiche          |       |       |       |     1 ||     1
 Fire: Hand crossbow     |   107 |    41 |    58 |    26 ||   232
       Hunting sling     |       |       |       |     5 ||     5
       Blowgun           |       |       |       |     3 ||     3
Throw: Tomahawk          |       |       |     1 |       ||     1
 Cast: Corona            |       |    11 |    19 |     9 ||    39
       Slow              |       |    20 |    38 |    20 ||    78
       Confusing Touch   |       |       |     2 |    15 ||    17
       Confuse           |       |       |       |    16 ||    16
       Cause Fear        |       |       |       |     3 ||     3
       Animate Dead      |       |       |       |     3 ||     3
       Vampiric Draining |       |       |       |     3 ||     3
Invok: Receive Corpses   |       |       |       |     3 ||     3
 Abil: Evoke Blink       |       |       |     1 |       ||     1
  Use: Scroll            |       |       |     3 |    10 ||    13
       Potion            |       |       |       |     2 ||     2
 Stab: Sleeping          |       |     2 |     1 |       ||     3
       Distracted        |       |       |     2 |       ||     2
       Confused          |       |       |       |     8 ||     8
  Eat: Chunk             |     1 |     8 |    19 |    24 ||    52
       Ration            |       |     1 |       |     5 ||     6
Armor: Robe              |    15 |    18 |    10 |       ||    43
       Ring mail         |       |       |    97 |       ||    97
       Scale mail        |       |       |    45 |   321 ||   366
Dodge: Dodged            |    27 |    58 |   254 |   364 ||   703
Block: Other             |       |     4 |    51 |    82 ||   137
       Reflection        |       |       |     8 |     3 ||    11
       Rpst.: Scimitar   |       |       |       |    90 ||    90
